Map: Frozen Temple

Players

Pokebunny

  • Race: Terran Terran
  • League: Grandmaster

PsychO - Winner!

  • Race: Zerg Zerg
  • League: Grandmaster

VOD

Have the link to the VOD?

Description

Time

  • Played on: April 5, 2016, 2:48 p.m.
  • Length: 13:33
Show
View Real Time Build Order
Export as new Build Order

Pokebunny Terran 

Build Orders: Reaper Expand, MMM Bio 

Get SALT Encoding   

  12  0:00  SCV  
  13  0:13  SCV  
  14  0:18  Supply Depot  
  14  0:25  SCV  
  15  0:39  SCV  
  15  0:41  Barracks  
  16  0:45  Refinery  
  16  0:51  SCV  
  17  1:04  SCV  
  18  1:16  SCV  
  19  1:28  Orbital Command  
  19  1:29  Reaper  
  20  1:39  Command Center  
  20  1:51  Supply Depot  
  20  1:53  SCV  
  21  2:01  Barracks Reactor  
  21  2:05  SCV  
  21  2:06  Barracks  
  22  2:17  SCV  
  22  2:18  Barracks  
  23  2:24  Refinery  
  23  2:34  SCV  
  24  2:49  Marine x2  
  26  2:52  Orbital Command  
  26  2:53  Factory  
  26  2:54  Barracks Tech Lab, SCV  
  27  3:06  SCV  
  27  3:07  Marine x3  
  31  3:13  Marine  
  31  3:17  Stimpack  
  32  3:21  SCV x2  
  34  3:27  Marine x3  
  37  3:37  Orbital Command  
  34  3:43  Factory Reactor, Starport  
  34  3:47  SCV  
  34  3:52  Bunker  
  34  3:54  Marine x3  
  37  3:56  Marine  
  38  4:12  Marine, SCV  
  38  4:13  SCV  
  41  4:17  Supply Depot  
  41  4:22  Orbital Command  
  41  4:29  Medivac x2  
  45  4:32  Marine  
  46  4:39  Marine x3, SCV  
  50  4:47  SCV  
  50  4:51  Marine, Supply Depot  
  52  4:56  Marine x2  
  52  5:08  Marine  
  52  5:09  Marine  
  54  5:14  Marine  
  54  5:15  Medivac x2  
  59  5:22  Combat Shields  
  59  5:23  Factory Tech Lab  
  59  5:24  Supply Depot  
  59  5:27  SCV x2  
  61  5:31  Supply Depot  
  61  5:33  Barracks Reactor  
  61  5:41  Marine, Bunker  
  62  5:45  Marine x2  
  59  5:55  Siege Tank  
  56  5:58  Marine, SCV x2  
  56  6:03  Marine x2  
  61  6:10  Command Center  
  61  6:15  Marine x2  
  63  6:21  Marine  
  63  6:22  Marine x2  
  64  6:37  Marine x2, Siege Tank, Supply Depot  
  64  6:38  SCV x2  
  69  6:42  Engineering Bay  
  69  6:44  Engineering Bay  
  69  6:49  Refinery  
  69  6:50  Refinery, SCV  
  70  6:55  SCV  
  71  7:01  Supply Depot  
  71  7:02  SCV  
  71  7:03  Marine x2  
  71  7:04  Marine x2  
  71  7:06  Marine  
  77  7:12  SCV  
  77  7:14  SCV  
  79  7:16  Terran Infantry Armor Level 1  
  79  7:17  Terran Infantry Weapons Level 1  
  79  7:25  Orbital Command  
  79  7:26  SCV  
  80  7:34  Siege Tank  
  80  7:36  SCV  
  84  7:38  SCV  
  85  7:49  Marine x2  
  85  7:50  Marine x3  
  90  7:57  Supply Depot  
  90  8:04  Medivac  
  90  8:05  Medivac  
  94  8:06  Siege Tank  
  94  8:12  Supply Depot  
  97  8:14  Orbital Command  
  97  8:16  Armory  
  97  8:17  Supply Depot  
  97  8:18  Marine x2  
  97  8:19  Marine  
  100  8:26  SCV x2  
  99  8:49  Marine  
  99  8:50  Marine x4  
  87  9:01  Siege Tank  
  87  9:02  Orbital Command  
  85  9:06  Barracks  
  85  9:07  Barracks, Marine x2  
  85  9:23  Marine x3  
  88  9:25  Terran Infantry Weapons Level 2, Terran Infantry Armor Level 2  
  88  9:26  Terran Vehicle Weapons Level 1  
  88  9:29  SCV x3  
  91  9:42  SCV x3  
  91  9:44  Liberator x2, Marine x4  
  91  9:45  Marine  
  99  9:47  Supply Depot  
  99  9:54  SCV x3  
  99  9:56  Barracks Reactor x2  
  102  10:06  Siege Tank, SCV x3  
  114  10:09  Supply Depot  
  114  10:20  SCV x3  
  117  10:23  Marine  
  117  10:24  Marine x4  
  117  10:27  Bunker  
  121  10:42  Marine x3  
  123  10:45  Siege Tank  
  123  10:49  Medivac x2  
  128  10:59  Marine  
  128  11:00  Marine x2  
  128  11:03  Marine x3  
  132  11:06  Barracks  
  132  11:08  Barracks  
  132  11:09  Barracks  
  132  11:11  Liberator x2  
  130  11:17  Siege Tank  
  114  11:30  Marine x2  
  114  11:31  Marine x4  
  122  11:35  SCV  
  122  11:36  Command Center, SCV x2  
  122  11:38  Refinery  
  122  11:39  Refinery  
  125  11:42  Marine  
  125  11:43  Marine, Marauder  
  129  11:48  Marine x3, SCV x3  
  135  11:57  Siege Tank  
  135  12:01  Marine x3, Barracks Reactor, Barracks Tech Lab x2  
  138  12:05  Marauder  
  142  12:20  Marine x3, Marauder x2  
  142  12:21  Missile Turret  
  142  12:22  Missile Turret  
  149  12:31  Liberator  
  149  12:32  Supply Depot  
  149  12:33  Supply Depot  
  149  12:48  Marine x6, Marauder  
  126  13:07  Marine x2  
  126  13:08  Marine x5, Marauder x2  
Show
View Real Time Build Order
Export as new Build Order

PsychO Zerg - Winner!

Build Orders: Hatch First 

Get SALT Encoding   

  12  0:00  Drone  
  13  0:12  Overlord  
  13  0:18  Drone  
  14  0:22  Extractor  
  14  0:24  Drone  
  15  0:32  Drone  
  16  0:36  Drone  
  17  0:47  Drone  
  18  0:54  Extractor  
  17  0:58  Hatchery  
  16  1:11  Spawning Pool  
  16  1:15  Drone  
  16  1:18  Drone  
  17  1:22  Drone  
  18  1:28  Drone  
  19  1:40  Overlord  
  19  1:57  Metabolic Boost  
  19  1:58  Queen  
  19  1:59  Zergling x2  
  19  2:00  Zergling x2  
  23  2:09  Queen  
  25  2:15  Drone  
  25  2:17  Drone  
  26  2:37  Queen  
  26  2:40  Zergling x8  
  32  2:51  Zergling x2  
  32  2:52  Zergling x2  
  32  2:54  Overlord x2  
  34  3:05  Zergling x4  
  36  3:26  Drone x7  
  43  3:38  Drone x2  
  43  3:39  Hatchery  
  43  3:45  Drone  
  44  3:51  Drone  
  44  3:55  Overlord  
  45  3:58  Drone x3  
  48  4:05  Zergling x2  
  48  4:06  Zergling x8  
  52  4:13  Queen  
  54  4:17  Zergling x4  
  56  4:27  Roach Warren  
  56  4:28  Overlord  
  56  4:31  Drone x3  
  58  4:32  Drone  
  58  4:35  Drone  
  60  4:41  Overlord  
  60  4:43  Extractor  
  60  4:44  Lair  
  60  4:45  Drone  
  60  4:49  Drone x2  
  61  4:57  Drone x5  
  66  5:01  Extractor  
  54  5:14  Roach  
  54  5:15  Roach x6  
  66  5:22  Roach x3  
  73  5:28  Zergling x6  
  73  5:29  Zergling x2  
  73  5:34  Baneling Nest  
  73  5:35  Evolution Chamber  
  74  5:36  Roach  
  76  5:48  Roach x3  
  76  5:49  Roach  
  76  5:51  Drone x3  
  77  5:58  Drone x4  
  77  6:03  Zerg Ground Armor Level 1  
  81  6:06  Evolution Chamber  
  81  6:07  Drone  
  81  6:10  Drone  
  82  6:15  Overlord x2  
  80  6:29  Overlord  
  80  6:31  Drone x2  
  82  6:33  Centrifical Hooks  
  82  6:34  Zerg Melee Weapons Level 1  
  82  6:40  Roach x2  
  82  6:41  Zergling x12  
  82  6:42  Drone  
  93  6:47  Zergling x6  
  93  6:52  Glial Reconstitution  
  96  6:54  Drone x4  
  100  7:02  Drone  
  100  7:03  Drone x4  
  100  7:04  Drone, Extractor  
  100  7:05  Extractor  
  100  7:06  Drone x2  
  106  7:10  Baneling x5  
  106  7:13  Baneling  
  106  7:15  Overlord, Baneling  
  106  7:16  Overlord  
  106  7:18  Overlord  
  106  7:23  Drone, Extractor  
  106  7:27  Overlord, Baneling x4  
  106  7:34  Spine Crawler  
  106  7:35  Zergling x14  
  112  7:38  Pneumatized Carapace  
  112  7:39  Overseer  
  112  7:44  Roach, Zergling x4  
  112  7:45  Zergling x4  
  117  7:52  Drone x2  
  117  7:55  Drone  
  120  8:01  Zergling x8  
  120  8:03  Hatchery  
  120  8:04  Baneling x2  
  120  8:05  Baneling x2  
  122  8:07  Overseer  
  122  8:11  Spire  
  121  8:24  Zergling x6  
  121  8:25  Zergling x16  
  121  8:26  Zergling x2  
  133  8:31  Infestation Pit  
  131  8:40  Zergling x6  
  131  8:41  Zergling x6  
  118  8:57  Zergling x8  
  118  8:58  Zergling x8  
  118  8:59  Zerg Melee Weapons Level 2  
  125  9:04  Zerg Ground Armor Level 2  
  125  9:07  Drone x5  
  130  9:19  Hive  
  130  9:22  Drone  
  130  9:23  Drone  
  132  9:26  Baneling x4  
  132  9:27  Corruptor x4  
  140  9:32  Overlord x2  
  140  9:33  Overseer  
  140  9:35  Baneling x4  
  140  9:36  Zergling x2  
  141  9:47  Spine Crawler  
  141  9:49  Drone x3  
  141  9:50  Drone x2  
  141  9:51  Drone x4  
  141  9:52  Zergling x2, Extractor  
  149  9:57  Corruptor  
  151  10:01  Zergling x2  
  151  10:02  Zergling x8  
  156  10:09  Zerg Flyer Armor Level 1  
  156  10:14  Zergling x8  
  160  10:18  Overlord x3  
  160  10:19  Overlord  
  159  10:39  Zergling x2  
  159  10:40  Zergling x16  
  163  10:46  Zergling x12  
  163  10:47  Ultralisk Cavern, Baneling x2  
  163  10:48  Baneling x2  
  168  10:54  Zergling x6  
  168  10:55  Zergling x4  
  166  11:00  Baneling x6  
  163  11:08  Zergling x2  
  163  11:09  Zergling x6  
  161  11:24  Corruptor x4  
  160  11:35  Chitinous Plating  
  160  11:37  Ultralisk x5  
  190  11:45  Zergling x4  
  190  11:47  Overlord x3  
  192  11:50  Overseer x2  
  192  11:54  Baneling x4  
  192  12:13  Zergling x4, Ultralisk  
  200  12:25  Spine Crawler  
  200  12:28  Spine Crawler  
  200  12:29  Spine Crawler, Spore Crawler  
  196  12:39  Corruptor  
  196  12:40  Corruptor  
  200  12:49  Hatchery  
  200  12:50  Corruptor  
  189  13:03  Corruptor x3  
  189  13:04  Corruptor x3  
  190  13:07  Zergling x4  
Tags
 
Add a new tag
Caveats
  • Supply blocks, unpowered buildings, or Contaminate may cause inaccurate times.
  • Supply counts are checked every 10 seconds.